 Dungeon Crawl Stone Soup version 0.27-a0-1185-ga233589e6f (webtiles) character file.

Game seed: 7765654920004585092

702641 Glokmah the Hoplite (level 27, -7/328 HPs)
             Began as a Demonspawn Hedge Wizard on May 19, 2021.
             Was an Elder of Trog.
             Killed from afar by an ancient lich (80 damage)
             ... with a crystal spear
             ... on level 4 of the Realm of Zot.
             The game lasted 04:18:14 (80225 turns).

Glokmah the Hoplite (Demonspawn Hedge Wizard)      Turns: 80225, Time: 04:18:15

Health: -7/328     AC: 23    Str: 34    XL:     27
Magic:  2/9        EV: 23    Int: 17    God:    Trog [****..]
Gold:   7169       SH: 35    Dex: 25    Spells: 32/32 levels left

rFire    + + +     SeeInvis +   b - +9 broad axe (antimagic)
rCold    + + +     Faith    .   K - +1 tower shield {rC+ rF+}
rNeg     + + +     Spirit   .   O - +4 scale mail of Asceticism {rN+ Int-2 Dex+4 Slay+3}
rPois    +         Reflect  +   g - +0 helmet "Gorolyoch" {rPois SInv Stlth-}
rElec    .         Harm     .   q - +3 cloak of the Desert {rPois Str+7 Int+3}
rCorr    .         Rampage  .   S - +1 pair of gloves "Offofuj" {Str+7 Stlth+}
Will     +++++                  (boots unavailable)
Stlth    +.........             t - amulet of Fimuisch {Reflect rF+ SH+5}
HPRegen  1.64/turn              e - ring "Ytesumnoic" {rF+ rN+ Str+3}
MPRegen  0.11/turn              m - ring "Jit Ekul" {Fly rN+ Will+ Dex+2 SInv}

@: strong-willed, corroded, on berserk cooldown, flying, regenerating, studying
Bows
A: talons 3, rugged brown scales 3, demonic guardian 3, powered by death 3,
robust 3, cold resistance 2, mutation resistance 1
}: 4/15 runes: serpentine, barnacled, silver, abyssal
a: Renounce Religion, Berserk, Trog's Hand, Brothers in Arms


You were on level 4 of the Realm of Zot.
You worshipped Trog.
Trog was greatly pleased with you.
You visited 10 branches of the dungeon, and saw 52 of its levels.
You visited the Abyss 2 times.
You also visited: Trove, Ice Cave, Wizlab and Desolation.

You collected 10106 gold pieces.
You spent 2937 gold pieces at shops.

Inventory:

Hand Weapons
 a - a +9 broad axe of flaming
 b - a +9 antimagic broad axe (weapon)
 o - a +8 demon whip of electrocution
 H - the +10 trident "Gippodaa" {vorpal, rN+ Str+7}
   (You found it on level 3 of the Elven Halls)

   It inflicts extra damage upon your enemies.
   It affects your strength (+7).
   It protects you from negative energy.
Missiles
 h - 15 silver javelins (quivered)
 D - 14 curare-tipped darts
 M - 8 throwing nets
 Q - 57 javelins
Armour
 g - the +0 helmet "Gorolyoch" (worn) {rPois SInv Stlth-}
   (You found it in a treasure trove)

   It protects you from poison.
   It lets you see invisible.
   It makes you less stealthy.
 q - the +3 cloak of the Desert (worn) {rPois Str+7 Int+3}
   (You bought it in a shop on level 3 of the Shoals)

   It affects your strength (+7).
   It affects your intelligence (+3).
   It protects you from poison.
 y - a scarf of invisibility
 K - a +1 tower shield of resistance (worn)
 L - a +4 plate armour of fire resistance
 O - the +4 scale mail of Asceticism (worn) {rN+ Int-2 Dex+4 Slay+3}
   (You found it on level 3 of the Lair of Beasts)

   It affects your intelligence (-2).
   It affects your dexterity (+4).
   It affects your accuracy and damage with ranged weapons and melee attacks
   (+3).
   It protects you from negative energy.
 S - the +1 pair of gloves "Offofuj" (worn) {Str+7 Stlth+}
   (You found it on level 1 of the Shoals)

   It affects your strength (+7).
   It makes you more stealthy.
Jewellery
 e - the ring "Ytesumnoic" (left hand) {rF+ rN+ Str+3}
   (You took it off a guardian mummy on level 3 of the Crypt)

   [ring of positive energy]

   It affects your strength (+3).
   It protects you from fire.
   It protects you from negative energy.
 m - the ring "Jit Ekul" (right hand) {Fly rN+ Will+ Dex+2 SInv}
   (You took it off a skeletal warrior on level 3 of the Crypt)

   [ring of positive energy]

   It affects your dexterity (+2).
   It protects you from negative energy.
   It lets you see invisible.
   It grants you flight.
   It increases your willpower.
 t - the amulet of Fimuisch (around neck) {Reflect rF+ SH+5}
   (You found it in the Desolation of Salt)

   [amulet of reflection]

   It reflects blocked missile attacks.
   It protects you from fire.
   It affects your SH (+5).
 x - the ring of Pantheism {+Blink rPois Will+ rCorr}
   (You bought it in a shop on level 2 of the Orcish Mines)

   [ring of willpower]

   It protects you from poison.
   It lets you blink.
   It protects you from acid and corrosion.
   It increases your willpower.
 J - the ring "Forget-Me-Not" {Will+ AC+4}
   (You bought it in a shop on level 2 of the Orcish Mines)

   [ring of protection]

   It affects your AC (+4).
   It increases your willpower.
Wands
 n - a wand of digging (17)
 v - a wand of charming (56)
 w - a wand of polymorph (19)
 B - a wand of flame (89)
 I - a wand of acid (47)
 P - a wand of iceblast (108)
 U - a wand of mindburst (26)
 W - a wand of paralysis (43)
Scrolls
 c - 3 scrolls of fog
 j - a scroll of summoning
 k - 8 scrolls of fear
 l - 18 scrolls of teleportation
 p - 9 scrolls of immolation
 r - 3 scrolls of silence
 s - 6 scrolls of blinking
 R - 6 scrolls of magic mapping
 X - 16 scrolls of identify
Potions
 d - 6 potions of might
 i - 5 potions of haste
 u - 8 potions of ambrosia
 z - 11 potions of heal wounds
 A - 7 potions of cancellation
 C - 18 potions of curing
 E - 4 potions of lignification
 F - 7 potions of resistance
 G - 6 potions of invisibility
 N - 11 potions of attraction
 T - 9 potions of flight
 V - 3 potions of magic
Miscellaneous
 f - a phantom mirror
 Y - a phial of floods
 Z - a box of beasts


   Skills:
 + Level 24.5 Fighting
 - Level 18.8(20.2) Axes
 - Level 4.7(13.4) Maces & Flails
 - Level 12.9(17.2) Polearms
 - Level 7.0 Throwing
 + Level 19.2 Armour
 - Level 14.0 Dodging
 - Level 1.7 Stealth
 * Level 25.1 Shields
 - Level 3.1 Spellcasting
 - Level 1.6 Conjurations
 - Level 1.4 Summonings
 - Level 1.1 Translocations
 - Level 14.0 Evocations


You had 32 spell levels left.
You didn't know any spells.
Your spell library contained the following spells:

 Spells                   Type           Power      Damage    Failure   Level
 Magic Dart               Conj           32%        1d4       13%         1
 Call Imp                 Summ           7%         N/A       22%         2
 Blink                    Tloc           N/A        N/A       24%         2
 Slow                     Hex            2%         N/A       36%         2
 Conjure Flame            Conj/Fire      5%         6-21      47%         3
 Mephitic Cloud           Conj/Pois/Air  4%         N/A       52%         3


Dungeon Overview and Level Annotations

Branches:
Dungeon (15/15)            Temple (0/1) D:7            Lair (6/6) D:10
 Shoals (4/4) Lair:3        Snake (4/4) Lair:3        Slime (0/5) Lair:5
    Orc (2/2) D:12            Elf (3/3) Orc:2        Vaults (5/5) D:13
  Crypt (3/3) Vaults:2       Tomb (0/3) Crypt:3      Depths (5/5) D:15
    Zot (5/5) Depths:5      IceCv (visited)          WizLab (visited)
Desolation (visited)

Altars:
Ashenzari
Fedhas
Gozag
Kikubaaqudgha
Makhleb
Qazlal
Sif Muna
Trog
Wu Jian
Xom
Yredelemnul
Zin
The Shining One
Beogh
Jiyva

Shops:
Orc:2 =[*(   Elf:1 *   Shoals:3 [   Snake:1 [!   Vaults:3 (   Vaults:5 !!?
Depths:2 :   Depths:3 *

Portals:
Hell: Depths:1 Depths:2 Depths:3 Depths:4 Depths:5
Abyss: Depths:3 Depths:4*
Pandemonium: Depths:3
Ziggurat: Depths:3


Innate Abilities, Weirdness & Mutations

You have claws for feet.
You are completely covered in rugged brown scales. (AC +3, +7% HP)
A powerful demonic guardian rushes to your aid.
You regenerate a lot of health from kills.
You are extremely robust. (+30% HP)
Your flesh is very cold resistant. (rC++)
You are somewhat resistant to further mutation.


Message History

* * * LOW HITPOINT WARNING * * *
The Killer Klown honks.
The Killer Klown pulls ten torches off its hat and starts juggling.
The Killer Klown blinks!
You block the ancient lich's attack.
The Killer Klown blinks!
You block the ancient lich's attack.
There is a stone staircase leading up here.
You block the ancient lich's attack. x2
You fly upwards.
You feel yourself speed up.
There is a stone staircase leading down here.
You hit the ancient lich.
The ancient lich's magic leaks into the air.
You claw the ancient lich.
The ancient lich is moderately damaged.
The ancient lich closely misses you.
You hit the ancient lich but do no damage.
You claw the ancient lich, but do no damage.
The ancient lich is moderately damaged.
You block the ancient lich's attack.
You slash the ancient lich!
The ancient lich's magic leaks into the air.
You claw the ancient lich.
The ancient lich is moderately damaged.
The ancient lich closely misses you.
You slice the ancient lich!!
The ancient lich's magic leaks into the air.
You claw the ancient lich!
The ancient lich is severely damaged.
The ancient lich points at you and mumbles some strange words.
The bolt of acid hits you!!!
* * * LOW HITPOINT WARNING * * *
The acid corrodes you!
You are splashed with acid!
* * * LOW HITPOINT WARNING * * *
Your skin crawls.
You feel strong-willed. You block the ancient lich's attack.
The ancient lich casts a spell at you. The crystal spear hits you!!!!
You die...

##...^#.#...##.....[..
#.#..#....>.#........
###.#....##.[.##.......
#.######.......##......
#.........##....##....#
#..###....###....######
####.....##......# #.
###.....##....#'### #.
#....@###....##...###.
#....L#.....##.....###
####..###....##.....<.##
##..####......#.........#
#.....##....###.##'##...#
##....###....####...##..#
##.....#....###.....####
##....#######.......##.
##...#..####.......##.


You could see an ancient lich (fast).

Vanquished Creatures
  2 dread liches
  Khufu (Crypt:3)
  2 orbs of fire
  3 ancient liches
  Mara (Shoals:4)
  A juggernaut (Depths:5)
  Sojobo (Vaults:3)
  3 royal mummies
  Margery (Vaults:3)
  3 curse toes (Zot:4)
  A Killer Klown (Zot:2)
  Vashnia (Snake:3)
  Saint Roka (Elf:2)
  5 golden dragons
  2 profane servitors
  the Enchantress (Depths:4)
  2 bone dragons
  2 electric golems
  The ghost of Ykoit the Warrior, an adept OpCK of Xom (Lair:3)
  19 tentacled monstrosities
  5 titans
  3 liches
  Asterion (Depths:3)
  9 quicksilver dragons
  4 deep elf blademasters
  An Executioner (Depths:4)
  A deep elf master archer (Elf:3)
  Polyphemus (Shoals:3)
  7 death cobs
  6 sphinxes
  2 tentacled starspawn
  10 ancient champions
  13 tengu reavers
  Kirke (Shoals:1)
  Roxanne (Shoals:3)
  10 revenants
  3 draconian monks
  The ghost of Teittuo the Spry, an adept FeFi of Makhleb (Depths:3)
  Donald (Snake:1)
  The ghost of Eshoss the Fencer, an adept DrGl of Ashenzari (Depths:4)
  6 shadow dragons
  11 storm dragons
  A nagaraja (Snake:4)
  A daeva (Depths:3)
  2 orc warlords
  8 fire giants
  2 imperial myrmidons (Desolation)
  2 draconian knights
  27 vault wardens
  9 deep elf sorcerers
  4 draconian scorchers
  3 spectral caustic shrikes (Depths:4)
  21 frost giants
  2 iron dragons (Depths:2)
  Louise (Elf:1)
  3 ghost moths
  4 deep elf elementalists (Elf:3)
  Aizul (Snake:1)
  An angel (Depths:3)
  3 draconian shifters
  A reaper (Crypt:2)
  24 very ugly things
  8 ghouls
  3 draconian stormcallers (Zot:2)
  9 quicksilver oozes (Depths:3)
  8 vampire knights
  6 spriggan defenders
  2 draconian annihilators (Zot:1)
  7 war gargoyles
  20 stone giants
  20 ironbound preservers
  8 green draconians
  4 deep elf demonologists
  4 entropy weavers
  A dire elephant (shapeshifter) (Vaults:5)
  4 black draconians
  7 purple draconians
  7 deep elf annihilators
  12 red draconians
  9 yellow draconians
  6 spark wasps (Depths:2)
  2 halazid warlocks (Desolation)
  11 dire elephants
  8 white draconians
  6 eidola
  5 merfolk javelineers
  2 deep elf death magi (Elf:3)
  5 deep elf high priests (Elf:3)
  14 yaktaur captains
  6 crystal guardians
  Josephine (Orc:2)
  20 ettins
  8 jiangshi
  4 fire dragons
  5 merfolk impalers
  3 mummy priests (Crypt:3)
  5 ragged hierophants (Desolation)
  35 vault guards
  12 naga warriors
  4 salamander tyrants
  Fannar (Lair:2)
  5 servants of whispers (Desolation)
  3 great orbs of eyes
  3 ironbound thunderhulks
  9 peacekeepers
  A catoblepas (Shoals:3)
  6 boulder beetles
  6 spriggan air magi
  5 rakshasas
  A quicksilver dragon skeleton (Crypt:3)
  12 ironbound frosthearts
  5 ogre magi
  8 merfolk avatars
  3 hell beasts
  3 alligator snapping turtles (Shoals:4)
  18 hydras
  13 two-headed ogres
  7 ice dragons
  15 centaur warriors
  19 dancing weapons
  An alligator (Shoals:4)
  2 merfolk aquamancers
  5 death knights
  9 anacondas
  4 deep troll earth magi
  4 tengu warriors
  6 deep troll shamans
  2 satyrs (Shoals:3)
  2 spectral dire elephants (Lair:6)
  5 death yaks
  2 titan zombies
  5 thrashing horrors (Abyss:4)
  2 hell hogs
  18 naga sharpshooters
  4 vampire magi
  3 orc high priests
  6 ironbound beastmasters
  8 shock serpents
  9 spriggan berserkers
  8 spriggans
  12 hell knights
  12 deep elf knights
  A sun demon (Depths:3)
  Sonja (Lair:6)
  4 sea snakes
  2 shadow wraiths (Crypt:3)
  A quicksilver dragon simulacrum (Depths:2)
  A spectral anaconda (Lair:6)
  7 salamander mystics
  27 skeletal warriors
  A death drake (Zot:2)
  9 iron trolls
  A storm dragon skeleton (Crypt:3)
  An orange crystal statue (Shoals:1)
  8 flayed ghosts
  A spark wasp zombie (WizLab)
  7 deep elf archers
  5 glowing orange brains
  2 bog bodies
  9 naga ritualists
  26 ironbound convokers
  5 lindwurms
  77 deep trolls
  12 phantasmal warriors
  12 wizards
  An obsidian statue (Lair:6)
  33 harpies
  A tengu zombie (Vaults:4)
  2 wolf spiders
  10 orc knights
  2 iron dragon zombies
  27 deep elf pyromancers
  19 deep elf zephyrmancers
  A shadow dragon skeleton (Vaults:4)
  7 fauns
  7 necromancers
  3 cyclopes
  A faun (shapeshifter) (Vaults:5)
  A human zombie (WizLab)
  43 ugly things
  2 frost giant zombies
  6 orc sorcerers
  5 mana vipers
  23 manticores
  A fire giant skeleton (Vaults:2)
  26 moths of wrath
  2 stone giant zombies (Crypt:1)
  18 elephants
  10 merfolk sirens
  3 spriggan zombies (WizLab)
  3 frost giant skeletons
  19 vault sentinels
  30 black mambas
  23 salamanders
  An ice statue (IceCv)
  A centaur zombie (D:11)
  4 smoke demons
  2 demonspawn zombies (WizLab)
  A molten gargoyle (Depths:3)
  7 water nymphs
  5 guardian serpents
  2 gargoyles
  24 naga magi
  13 cane toads
  Psyche (D:8)
  13 komodo dragons
  A yaktaur zombie (WizLab)
  4 rime drakes
  46 yaktaurs
  An emperor scorpion zombie (Crypt:3)
  7 tengu conjurers
  A black draconian skeleton (Crypt:1)
  5 yaktaur skeletons
  8 freezing wraiths
  A merfolk (shapeshifter) (Vaults:5)
  An ancient zyme (Abyss:4)
  A silent spectre (Abyss:4)
  3 human skeletons (Vaults:2)
  A green draconian skeleton (Crypt:2)
  A meliai (D:14)
  A queen bee (shapeshifter) (D:14)
  10 trolls
  14 guardian mummies
  21 merfolk
  17 polar bears
  35 saltlings (Desolation)
  7 hornets
  7 wind drakes
  5 blink frogs (Lair:4)
  A raiju (shapeshifter) (Abyss:4)
  A spectral elephant (Lair:6)
  Grinder (D:3)
  An ettin zombie (WizLab)
  5 raiju (Abyss:4)
  41 slime creatures
  7 dream sheep
  5 snapping turtles
  A black mamba zombie (Crypt:3)
  2 centaur simulacra
  An ice dragon skeleton (Crypt:2)
  An ettin skeleton (Abyss:4)
  An air elemental (Elf:1)
  11 flying skulls
  9 wraiths
  2 shadows
  3 redbacks
  A redback (shapeshifter) (Depths:2)
  A tarantella (Vaults:1)
  A tarantella (shapeshifter) (D:14)
  2 large abominations (Abyss:4)
  A vampire (D:12)
  An alligator skeleton (Crypt:2)
  2 small abominations (Abyss:4)
  10 water elementals
  A tyrant leech zombie (Crypt:1)
  55 yaks
  11 wyverns
  2 fire elementals
  3 ushabtiu (Crypt:3)
  18 humans (D:13)
  9 basilisks
  An elf skeleton (Vaults:2)
  A hog (Shoals:1)
  A steam dragon (D:9)
  3 spectral cane toads (Lair:6)
  A yaktaur simulacrum (Vaults:4)
  14 vampire mosquitoes
  6 wargs
  A wind drake skeleton (Crypt:3)
  34 nagas
  A naga (shapeshifter) (D:14)
  24 water moccasins
  6 hell hounds
  3 floating eyes
  A two-headed ogre skeleton (Crypt:2)
  An elephant zombie (Lair:6)
  45 orc warriors
  2 ice beasts
  8 black bears
  A blink frog zombie (Crypt:1)
  4 boggarts
  A tengu (shapeshifter) (D:14)
  4 necrophages
  18 ogres
  50 wolves
  17 centaurs
  A phantom (D:4)
  3 kobold brigands
  12 bullfrogs
  Blork the orc (D:4)
  2 palentonga zombies (Crypt:1)
  A gnoll sergeant (D:4)
  2 cane toad simulacra (Lair:6)
  A komodo dragon skeleton (Crypt:3)
  6 scorpions
  A wyvern zombie (D:8)
  6 earth elementals
  5 elephant simulacra (Lair:6)
  12 killer bees
  A wolf zombie (Crypt:2)
  A yak skeleton (Crypt:3)
  4 wights (D:8)
  6 howler monkeys
  An electric eel (Lair:1)
  2 bullfrog zombies
  2 hounds
  2 gnoll shamans
  A jelly (D:5)
  Crazy Yiuf (D:2)
  17 orc priests
  2 centaur skeletons (D:6)
  3 iguanas
  Jessica (D:3)
  A demonspawn skeleton (Crypt:1)
  Natasha (thrice) (D:3)
  15 orc wizards
  13 hell rats
  A demigod skeleton (Crypt:3)
  A howler monkey zombie (D:8)
  9 gnolls
  5 adders
  A shadow imp (D:8)
  2 white imps (Vaults:3)
  An ufetubus (D:5)
  3 adder skeletons
  3 worms
  A dart slug (D:1)
  99 orcs
  10 ball pythons
  5 endoplasms
  3 giant cockroaches
  5 goblins
  9 hobgoblins
  6 jackals
  2 quokkas (D:1)
  4 bats
  4 frilled lizards
  A hobgoblin zombie (Crypt:3)
  A jackal skeleton (Crypt:3)
  10 kobolds
  7 rats
  2 lurking horrors (Depths:4)
  A starspawn tentacle (Depths:4)
2449 creatures vanquished.

Vanquished Creatures (collateral kills)
  A hellephant (Depths:4)
  A lich (Depths:2)
  A tentacled starspawn (Abyss:4)
  A storm dragon (Vaults:4)
  A revenant (Crypt:2)
  A deep elf sorcerer (Elf:3)
  A draconian monk (Zot:1)
  A curse skull (Crypt:2)
  2 ghouls (Crypt:2)
  An ironbound preserver (Vaults:2)
  A draconian annihilator (Zot:1)
  A green draconian (Zot:2)
  A deep elf annihilator (Elf:3)
  A dire elephant (Vaults:2)
  A purple draconian (Zot:2)
  A mummy priest (WizLab)
  2 merfolk javelineers (Shoals:4)
  A merfolk impaler (Shoals:4)
  2 jiangshi (Crypt:2)
  2 ettins
  A rakshasa (Depths:4)
  A servant of whispers (Desolation)
  2 vault guards (Vaults:5)
  2 great orbs of eyes
  An ice dragon (Depths:3)
  An ironbound frostheart (Vaults:2)
  A peacekeeper (Desolation)
  A two-headed ogre (Orc:2)
  A merfolk aquamancer (Shoals:4)
  A vampire mage (Crypt:2)
  2 naga sharpshooters
  A death yak (Shoals:3)
  An ironbound beastmaster (Vaults:2)
  A salamander mystic (Snake:3)
  3 hell knights (Vaults:3)
  3 skeletal warriors
  2 sea snakes (Shoals:4)
  A deep troll (Vaults:4)
  A naga ritualist (Snake:4)
  A wizard (Vaults:2)
  A deep elf archer (Elf:1)
  A phantasmal warrior (Crypt:1)
  A harpy (Shoals:3)
  2 necromancers
  An orc knight (Orc:1)
  A frost giant zombie (WizLab)
  4 ugly things
  2 fauns (Shoals:1)
  A black mamba (Snake:4)
  4 salamanders
  2 moths of wrath
  A merfolk siren (Shoals:1)
  A naga mage (Snake:4)
  2 cane toads
  A black draconian zombie (WizLab)
  3 komodo dragons
  A rime drake (Lair:4)
  A yaktaur (Vaults:5)
  A guardian mummy (Crypt:3)
  A freezing wraith (Crypt:2)
  A hydra zombie (Crypt:3)
  2 merfolk
  A troll (Orc:2)
  A wind drake (Shoals:1)
  3 dream sheep (Lair:5)
  3 blink frogs (Lair:5)
  A jumping spider zombie (Crypt:2)
  Sigmund (D:6)
  A water elemental (Shoals:3)
  3 wyverns (Lair:4)
  A dire elephant simulacrum (Lair:6)
  A wraith (D:8)
  A hog (Shoals:1)
  An ushabti (Crypt:3)
  A basilisk (Lair:4)
  A human (D:13)
  A torturous demonspawn skeleton (Crypt:2)
  3 orc warriors
  A sky beast (D:8)
  A centaur (D:7)
  A necrophage (Crypt:2)
  An ogre (D:6)
  A wyvern zombie (D:6)
  A bullfrog (D:8)
  A palentonga skeleton (Crypt:2)
  A centaur zombie (D:8)
  3 orc priests
  2 orc wizards
  A killer bee zombie (D:8)
  A mummy (Crypt:3)
  2 adders (D:3)
  A white imp (D:6)
  3 orcs
132 creatures vanquished.

Vanquished Creatures (others)
  A titan (Vaults:5)
  A salamander tyrant (Snake:3)
  A dancing weapon (Elf:2)
  A deep elf zephyrmancer (Elf:1)
  A moth of wrath (Zot:5)
  A hornet (D:8)
  A saltling (Desolation)
  A human (Shoals:1)
  A bush (Lair:4)
  2 demonic plants (Abyss:4)
  64 fungi
  142 plants
  7 starspawn tentacles
  27 withered plants (Lair:6)
251 creatures vanquished.

Grand Total: 2832 creatures vanquished

Notes
Turn   | Place    | Note
-------+----------+-------------------------------------------
     0 | D:1      | Glokmah the Demonspawn Hedge Wizard began the quest for the
                  | Orb.
     0 | D:1      | Reached XP level 1. HP: 13/13 MP: 4/4
   118 | D:1      | Reached skill level 1 in Translocations
   184 | D:1      | Gained mutation: A weak demonic guardian rushes to your
                  | aid. [demonic ancestry]
   184 | D:1      | Reached XP level 2. HP: 15/20 MP: 6/6
   955 | D:2      | Found a faded altar of an unknown god.
   965 | D:2      | Became a worshipper of Trog the Wrathful
   965 | D:2      | Reached * piety under Trog
   975 | D:2      | Reached skill level 1 in Fighting
  1327 | D:2      | Gained mutation: You regenerate a little health from kills.
                  | [demonic ancestry]
  1327 | D:2      | Reached XP level 3. HP: 16/26 MP: 7/7
  2718 | D:2      | Reached ** piety under Trog
  2735 | D:2      | Gained mutation: You are partially covered in rugged brown
                  | scales. (AC +1, +3% HP) [demonic ancestry]
  2735 | D:2      | Reached XP level 4. HP: 18/33 MP: 8/8
  3014 | D:2      | Reached skill level 1 in Axes
  3207 | D:2      | Found a runed translucent door.
  3208 | D:2      | Noticed Crazy Yiuf
  3219 | D:2      | Killed Crazy Yiuf
  3220 | D:2      | Reached skill level 1 in Throwing
  3487 | D:3      | Noticed Jessica
  3496 | D:3      | Killed Jessica
  3497 | D:3      | Reached skill level 1 in Armour
  3497 | D:3      | Gained mutation: A demonic guardian rushes to your aid.
                  | [demonic ancestry]
  3497 | D:3      | Reached XP level 5. HP: 28/40 MP: 9/9
  3712 | D:3      | Found a blossoming altar of Fedhas.
  3742 | D:3      | Found an opulent altar of Gozag.
  4000 | D:3      | Noticed Natasha
  4012 | D:3      | Killed Natasha
  4025 | D:3      | HP: 2/41 [something/magic dart (5)]
  4038 | D:3      | Gained mutation: You do not regenerate when monsters are
                  | visible. [potion of mutation]
  4038 | D:3      | Gained mutation: Your flesh is cold resistant. (rC+)
                  | [potion of mutation]
  4044 | D:3      | Lost mutation: You do not regenerate when monsters are
                  | visible. [potion of mutation]
  4044 | D:3      | Gained mutation: You have an increased reservoir of magic.
                  | (+10% MP) [potion of mutation]
  4044 | D:3      | Gained mutation: You are robust. (+10% HP) [potion of
                  | mutation]
  4044 | D:3      | Gained mutation: You are strong-willed. (Will+) [potion of
                  | mutation]
  4296 | D:3      | Noticed Grinder
  4311 | D:3      | Killed Grinder
  4312 | D:3      | Reached XP level 6. HP: 53/53 MP: 11/11
  4463 | D:3      | Noticed Natasha
  4479 | D:3      | Killed Natasha
  4650 | D:3      | Noticed Natasha
  4654 | D:3      | Killed Natasha
  4922 | D:4      | Noticed Blork the orc
  4932 | D:4      | Killed Blork the orc
  4933 | D:4      | Reached XP level 7. HP: 58/58 MP: 12/12
  5674 | D:4      | Gained mutation: A powerful demonic guardian rushes to your
                  | aid. [demonic ancestry]
  5674 | D:4      | Reached XP level 8. HP: 67/67 MP: 13/13
  5951 | D:5      | Entered Level 5 of the Dungeon
  6143 | D:5      | Reached skill level 5 in Axes
  6232 | D:5      | Found a burning altar of Makhleb.
  6424 | D:5      | Reached *** piety under Trog
  6847 | D:5      | Identified the +6 rapier of the Genius {vorpal, rN++ rCorr
                  | Str-5 Stlth+}
  7027 | D:5      | Found a shimmering altar of Xom.
  7281 | D:6      | Reached skill level 5 in Fighting
  7288 | D:6      | Identified the +1 dagger of Hurebb {drain, MP-9 Dex+5
                  | Stlth+}
  7536 | D:6      | Identified the +0 cloak of Uniczox {Harm rElec Str-4 Int-5}
  7713 | D:6      | Noticed Sigmund
  7730 | D:6      | HP: 2/70 [something (2)]
  7744 | D:6      | Killed Sigmund
  7745 | D:6      | Gained mutation: You have sharp toenails. [demonic
                  | ancestry]
  7745 | D:6      | Reached XP level 9. HP: 20/76 MP: 8/15
  8035 | D:6      | Found a bloodstained altar of Trog.
  8948 | D:7      | Found a staircase to the Ecumenical Temple.
  9440 | D:7      | Found a basalt altar of Yredelemnul.
  9441 | D:7      | Found a stormy altar of Qazlal.
  9737 | D:8      | Identified 2 scrolls of acquirement
  9737 | D:8      | Acquired a manual of Polearms
  9739 | D:8      | Acquired a +3 broad axe of flaming
  9910 | D:8      | Reached skill level 1 in Polearms
 10048 | D:8      | Reached skill level 5 in Armour
 10508 | D:8      | Reached skill level 5 in Throwing
 10639 | D:8      | Noticed Psyche
 10644 | D:8      | Killed Psyche
 10665 | D:8      | Reached **** piety under Trog
 10990 | D:8      | Noticed a two-headed ogre
 10996 | D:8      | Killed a two-headed ogre
 10997 | D:8      | Gained mutation: You have razor-sharp toenails. [demonic
                  | ancestry]
 10997 | D:8      | Reached XP level 10. HP: 59/87 MP: 16/16
 11011 | D:8      | Noticed a purple ugly thing
 11399 | D:8      | Killed a purple ugly thing
 11879 | D:9      | Acquired a manual of Fighting
 12486 | D:9      | Reached skill level 5 in Polearms
 12685 | D:10     | Entered Level 10 of the Dungeon
 12784 | D:10     | Noticed a gargoyle
 12796 | D:10     | Killed a gargoyle
 12949 | D:10     | Found a staircase to the Lair.
 13172 | D:10     | Noticed a two-headed ogre
 13179 | D:10     | Killed a two-headed ogre
 13180 | D:10     | Reached XP level 11. HP: 97/97 MP: 17/17
 13804 | D:10     | Noticed a two-headed ogre
 13810 | D:10     | Killed a two-headed ogre
 13994 | Lair:1   | Entered Level 1 of the Lair of Beasts
 14007 | Lair:1   | Noticed a lindwurm
 14012 | Lair:1   | Noticed a four-headed hydra
 14016 | Lair:1   | Killed a lindwurm
 14020 | Lair:1   | Killed a one-headed hydra
 14807 | Lair:1   | Noticed an eight-headed hydra
 14815 | Lair:1   | Killed a four-headed hydra
 14816 | Lair:1   | Reached skill level 10 in Axes
 15487 | Lair:1   | Noticed a five-headed hydra
 15495 | Lair:1   | Killed a one-headed hydra
 15496 | Lair:1   | Reached skill level 10 in Fighting
 15953 | Lair:1   | Gained mutation: You are mostly covered in rugged brown
                  | scales. (AC +2, +5% HP) [demonic ancestry]
 15953 | Lair:1   | Reached XP level 12. HP: 14/111 MP: 18/18
 16666 | Lair:2   | Reached ***** piety under Trog
 16745 | Lair:2   | Noticed a four-headed hydra
 16766 | Lair:2   | Killed a one-headed hydra
 17330 | Lair:2   | Noticed Fannar
 17344 | Lair:2   | Reached skill level 1 in Shields
 17351 | Lair:2   | Killed Fannar
 17410 | Lair:2   | Reached skill level 2 in Shields
 17607 | Lair:2   | Reached skill level 10 in Polearms
 17612 | Lair:2   | Noticed a seven-headed hydra
 17621 | Lair:2   | Killed a four-headed hydra
 17623 | Lair:2   | Reached skill level 3 in Shields
 18297 | Lair:3   | Found a staircase to the Snake Pit.
 18327 | Lair:3   | Received a gift from Trog
 18882 | Lair:3   | Noticed a four-headed hydra
 18892 | Lair:3   | Killed a one-headed hydra
 18893 | Lair:3   | Reached skill level 4 in Shields
 18893 | Lair:3   | Gained mutation: You are completely covered in rugged brown
                  | scales. (AC +3, +7% HP) [demonic ancestry]
 18893 | Lair:3   | Reached XP level 13. HP: 125/125 MP: 19/19
 19184 | Lair:3   | Found a staircase to the Shoals.
 19325 | Lair:3   | Identified the +4 scale mail of Asceticism {rN+ Int-2 Dex+4
                  | Slay+3}
 19663 | Lair:4   | Reached skill level 5 in Shields
 20022 | Lair:4   | Reached skill level 6 in Shields
 21180 | Lair:5   | Reached skill level 7 in Shields
 21196 | Lair:5   | Found a staircase to the Slime Pits.
 21412 | Lair:5   | Received a gift from Trog
 21669 | Lair:6   | Entered Level 6 of the Lair of Beasts
 21693 | Lair:6   | Reached XP level 14. HP: 129/138 MP: 20/20
 21701 | Lair:6   | Found a frozen archway.
 21725 | IceCv    | Entered an ice cave
 22305 | IceCv    | Noticed a frost giant
 22311 | IceCv    | Reached skill level 8 in Shields
 22313 | IceCv    | Killed a frost giant
 22651 | Lair:6   | Noticed Sonja
 22655 | Lair:6   | Killed Sonja
 23198 | Lair:6   | Received a gift from Trog
 23578 | Lair:6   | Reached ****** piety under Trog
 24153 | Lair:6   | Identified the amulet of Birdsong {+Blink rF+ Regen+ Dex+4}
 24252 | Lair:6   | Gained mutation: You have claws for feet. [demonic
                  | ancestry]
 24252 | Lair:6   | Reached XP level 15. HP: 148/148 MP: 21/21
 25177 | D:11     | Received a gift from Trog
 26062 | D:12     | Reached skill level 15 in Axes
 26124 | D:12     | Found a staircase to the Orcish Mines.
 26722 | D:12     | Received a gift from Trog
 26784 | Orc:1    | Entered Level 1 of the Orcish Mines
 27127 | Orc:2    | Entered Level 2 of the Orcish Mines
 27178 | Orc:2    | Noticed an orc warlord
 27336 | Orc:2    | Reached skill level 9 in Shields
 27345 | Orc:1    | Killed an orc warlord
 27422 | Orc:2    | Found Koun's Antique Weapon Shoppe.
 27481 | Orc:2    | Gained mutation: Armour fits poorly on your strangely
                  | shaped body. [a neqoxec]
 27629 | Orc:1    | Received a gift from Trog
 27881 | Orc:2    | Noticed Josephine
 27888 | Orc:2    | Killed Josephine
 28032 | Orc:2    | Found a staircase to the Elven Halls.
 28046 | Orc:2    | Paralysed by an orc sorcerer for 6 turns
 28072 | Orc:2    | Found Ygyxacoe's General Store.
 28199 | Orc:2    | Found Gec But's Jewellery Boutique.
 28204 | Orc:2    | Reached skill level 15 in Fighting
 28310 | Orc:2    | Found Qoumoe's Antique Armour Shoppe.
 28375 | Orc:2    | Found a shimmering blue altar of Sif Muna.
 28907 | Orc:2    | Bought a runed kite shield for 240 gold pieces
 28998 | Orc:2    | Lost mutation: You are strong-willed. (Will+) [potion of
                  | mutation]
 28998 | Orc:2    | Lost mutation: Armour fits poorly on your strangely shaped
                  | body. [potion of mutation]
 28998 | Orc:2    | Gained mutation: Your body sometimes deteriorates upon
                  | taking damage. [potion of mutation]
 28998 | Orc:2    | Gained mutation: Your flesh is very cold resistant. (rC++)
                  | [potion of mutation]
 28999 | Orc:2    | Lost mutation: You are robust. (+10% HP) [potion of
                  | mutation]
 28999 | Orc:2    | Lost mutation: Your body sometimes deteriorates upon taking
                  | damage. [potion of mutation]
 28999 | Orc:2    | Gained mutation: You are somewhat resistant to further
                  | mutation. [potion of mutation]
 29000 | Orc:2    | Bought the ring of Pantheism {+Blink rPois Will+ rCorr} for
                  | 634 gold pieces
 29004 | Orc:2    | Bought the ring "Forget-Me-Not" {Will+ AC+4} for 631 gold
                  | pieces
 29004 | Orc:2    | Bought the amulet "Wigiofapu" {Spirit rF+ rC+ Str+6 Slay-3}
                  | for 663 gold pieces
 29396 | D:13     | Received a gift from Trog
 29404 | D:13     | Identified the +0 cloak "Wojean" {Contam +Inv Str+6}
 29453 | D:13     | Found a gate to the Vaults.
 29996 | D:13     | Reached skill level 10 in Shields
 30294 | D:13     | Gained mutation: You regenerate health from kills. [demonic
                  | ancestry]
 30294 | D:13     | Reached XP level 16. HP: 145/145 MP: 16/22
 30558 | D:14     | Noticed a sphinx
 30577 | D:14     | Killed a sphinx
 30589 | D:14     | Identified the ring "Voenou" {rCorr Int+2}
 30926 | D:14     | Reached skill level 11 in Shields
 30941 | D:14     | Identified the +5 war axe of Sophism {flame, Fragile Str+4}
                  | (Trog gifted it to you on level 14 of the Dungeon)
 30941 | D:14     | Received a gift from Trog
 31036 | D:14     | Identified the +0 helmet of Ennui {Contam Str+4}
 31331 | D:14     | Identified the +0 robe "Lemmogh" {Str+4 Int+5}
 31748 | D:14     | Found an ornate altar of the Wu Jian Council.
 31779 | D:15     | Entered Level 15 of the Dungeon
 32147 | D:15     | Received a gift from Trog
 32193 | D:15     | Reached skill level 1 in Evocations
 32448 | D:15     | Found a staircase to the Depths.
 32642 | Snake:1  | Entered Level 1 of the Snake Pit
 32661 | Snake:1  | Found Qaathedd's Armour Boutique.
 32666 | Snake:1  | Found Kosiumeics's Distillery.
 32678 | Snake:1  | Noticed Donald
 32688 | Snake:1  | Killed Donald
 32689 | Snake:1  | Reached skill level 12 in Shields
 33108 | Snake:1  | Noticed Aizul
 33118 | Snake:1  | Killed Aizul
 33256 | Snake:1  | Acquired a manual of Evocations
 33741 | Snake:2  | Reached XP level 17. HP: 154/154 MP: 20/23
 33998 | Snake:2  | Reached skill level 5 in Evocations
 34366 | Snake:2  | Received a gift from Trog
 34721 | Snake:3  | Reached skill level 13 in Shields
 35002 | Snake:3  | Noticed Vashnia
 35021 | Snake:3  | Killed Vashnia
 35681 | Snake:3  | Identified the +2 trident of Toantid {flame, rF- rCorr
                  | Dex+2} (Trog gifted it to you on level 3 of the Snake Pit)
 35681 | Snake:3  | Received a gift from Trog
 35899 | Snake:4  | Entered Level 4 of the Snake Pit
 36673 | Snake:4  | Reached skill level 14 in Shields
 38004 | Snake:4  | Gained mutation: You are robust. (+10% HP) [demonic
                  | ancestry]
 38004 | Snake:4  | Reached XP level 18. HP: 156/179 MP: 24/24
 38452 | Snake:4  | Got a serpentine rune of Zot
 39068 | Shoals:1 | Entered Level 1 of the Shoals
 39106 | Shoals:1 | Noticed Kirke
 39115 | Shoals:1 | Killed Kirke
 39259 | Shoals:1 | Found a runed translucent gate.
 39260 | Shoals:1 | Found a runed translucent gate.
 39261 | Shoals:1 | Found a runed translucent gate.
 39265 | Shoals:1 | Noticed Ykoit's ghost (adept OpCK)
 39267 | Shoals:1 | Identified the +5 shortbow "Biesuyga" {freeze, rElec rN+++
                  | Will- Str-4}
 39401 | Shoals:1 | Received a gift from Trog
 39402 | Shoals:1 | Reached skill level 15 in Shields
 40549 | Lair:3   | Killed Ykoit's ghost
 40781 | Shoals:1 | Identified the +1 pair of gloves "Offofuj" {Str+7 Stlth+}
 41168 | Shoals:2 | Identified the +8 demon trident "Lenug" {flame, rF+} (Trog
                  | gifted it to you on level 2 of the Shoals)
 41168 | Shoals:2 | Received a gift from Trog
 41169 | Shoals:2 | Reached skill level 10 in Evocations
 41596 | Shoals:3 | Noticed Polyphemus
 41596 | Shoals:3 | Identified Roxanne's Catalogue of Earth
 41596 | Shoals:3 | Noticed Roxanne
 41633 | Shoals:3 | Killed Polyphemus
 41660 | Shoals:3 | Killed Roxanne
 41780 | Shoals:3 | Reached skill level 5 in Dodging
 41957 | Shoals:3 | Found Vadess's Antique Armour Boutique.
 41960 | Shoals:3 | Bought a translucent kite shield for 218 gold pieces
 41960 | Shoals:3 | Identified the +0 kite shield "Sirchoiq" {rN+ Str+3 Slay-2}
                  | (You bought it in a shop on level 3 of the Shoals)
 41962 | Shoals:3 | Bought a heavily runed cloak for 218 gold pieces
 41962 | Shoals:3 | Identified the +3 cloak of the Desert {rPois Str+7 Int+3}
                  | (You bought it in a shop on level 3 of the Shoals)
 42426 | Shoals:4 | Entered Level 4 of the Shoals
 42616 | Shoals:4 | Received a gift from Trog
 43359 | Shoals:4 | Got a barnacled rune of Zot
 43421 | Shoals:4 | Gained mutation: You regenerate a lot of health from kills.
                  | [demonic ancestry]
 43421 | Shoals:4 | Reached XP level 19. HP: 155/188 MP: 22/26
 43474 | Shoals:4 | Identified the +4 hand crossbow of Isseg {elec, rPois rF+
                  | rN++}
 43520 | Shoals:4 | Noticed Mara
 43531 | Shoals:4 | Noticed Glokmah's illusion
 43532 | Shoals:4 | Killed Mara
 44628 | Vaults:1 | Entered Level 1 of the Vaults
 44661 | Vaults:1 | Received a gift from Trog
 45799 | Vaults:1 | Reached skill level 10 in Armour
 46545 | Vaults:1 | Identified the +4 leather armour of Ymiyso {rF+ Slay+5}
 46636 | Vaults:1 | Identified the +8 flail of Dagomm {antimagic, rPois rC++
                  | rCorr Stlth-}
 46974 | Vaults:2 | Reached XP level 20. HP: 190/198 MP: 23/27
 47123 | Vaults:2 | Received a gift from Trog
 47469 | Vaults:2 | Reached skill level 10 in Dodging
 47501 | Vaults:2 | Received a gift from Trog
 48057 | Vaults:2 | Found a staircase to the Crypt.
 48342 | Vaults:3 | Found a portal to a secret trove of treasure.
 48655 | Vaults:3 | Found Gytzoran's Antique Weapon Shoppe.
 48899 | Vaults:3 | Reached skill level 1 in Maces & Flails
 48960 | Vaults:3 | Noticed Margery
 48974 | Vaults:3 | Killed Margery
 48974 | Vaults:3 | Received a gift from Trog
 49129 | Vaults:3 | Noticed Sojobo
 49332 | Vaults:3 | Killed Sojobo
 49350 | Vaults:3 | Gained mutation: You are very robust. (+20% HP) [demonic
                  | ancestry]
 49350 | Vaults:3 | Reached XP level 21. HP: 201/226 MP: 28/28
 49572 | Vaults:3 | Identified the +5 glaive "Ilum" {flame, rElec}
 49680 | Vaults:3 | Identified the +0 demon blade "Acys" {flame, Dex+2} (Trog
                  | gifted it to you on level 3 of the Vaults)
 49680 | Vaults:3 | Received a gift from Trog
 50908 | Vaults:4 | Received a gift from Trog
 50998 | Vaults:4 | Identified the Almanac of the Escort and Curses
 52274 | Depths:1 | Entered Level 1 of the Depths
 52436 | Elf:1    | Entered Level 1 of the Elven Halls
 52777 | Elf:1    | Identified the +10 trident of Pride {flame, SInv} (Trog
                  | gifted it to you on level 1 of the Elven Halls)
 52777 | Elf:1    | Received a gift from Trog
 52928 | Elf:1    | Noticed Louise
 52937 | Elf:1    | Killed Louise
 53185 | Elf:1    | Identified Vehumet's Handbook of Creative Battle Magic
 53283 | Elf:1    | Found Fony's General Store.
 53291 | Elf:1    | Bought a scroll of teleportation for 48 gold pieces
 53610 | Elf:2    | Found a ruined gateway.
 53614 | Elf:2    | Noticed Saint Roka
 53630 | Elf:2    | Killed Saint Roka
 53631 | Elf:2    | Gained mutation: You are extremely robust. (+30% HP)
                  | [demonic ancestry]
 53631 | Elf:2    | Reached XP level 22. HP: 257/257 MP: 8/29
 53674 | Desolati | Entered the Desolation of Salt
 53960 | Desolati | Identified the amulet of Fimuisch {Reflect rF+ SH+5}
 53961 | Desolati | Identified the +9 short sword of Woe {flame, Str+4 Int+4
                  | Stlth+}
 54010 | Desolati | Identified Baag's Papyrus of Execration and Transmutation
 54021 | Desolati | Identified the amulet of Enuy {Faith Int+2 SInv}
 54243 | Desolati | Identified the Handbook of Translocation
 54273 | Desolati | Received a gift from Trog
 54490 | Desolati | Identified Dyorial's Catalogue of Virous Ignition
 54492 | Desolati | Identified Sah Ciydd's Grimoire of Changing
 54496 | Desolati | Identified the +3 rapier of Tyarun {flame, Str-5 Dex+3}
 54498 | Desolati | Identified the Reference Book on Doomed Cold
 55272 | Elf:2    | Found a huge runed translucent gate.
 55272 | Elf:2    | Found a huge runed translucent gate.
 55272 | Elf:2    | Found a huge runed translucent gate.
 55272 | Elf:2    | Found a huge runed translucent gate.
 55282 | Elf:2    | Found a huge runed translucent gate.
 55356 | Elf:2    | Cast into level 4 of the Abyss (+4 long sword of
                  | distortion)
 55496 | Abyss:4  | Received a gift from Trog
 55532 | Abyss:4  | Found a corrupted altar of Lugonu.
 55607 | Abyss:4  | Got an abyssal rune of Zot
 55620 | Elf:2    | Escaped the Abyss
 56438 | Elf:3    | Entered Level 3 of the Elven Halls
 56605 | Elf:3    | Identified the +10 trident "Gippodaa" {vorpal, rN+ Str+7}
 56633 | Elf:3    | Received a gift from Trog
 56643 | Elf:3    | Reached skill level 16 in Shields
 56979 | Elf:3    | Identified the +8 short sword of Plunder {freeze, rF+ Will+
                  | Str+4}
 56997 | Elf:3    | Reached XP level 23. HP: 230/268 MP: 7/30
 57035 | Elf:3    | Identified the +9 dire flail "Worm's Wrath" {flame, *Slow
                  | Fly rN++}
 57035 | Elf:3    | Identified the amulet "Ulagh" {Acrobat +Blink rN+ Str-2
                  | Dex+4}
 57078 | Elf:3    | Identified the Grimoire of the Vitriolic Snowflakes
 57098 | Elf:3    | Identified Hiwiv's Tome of the Supportive Birds
 57917 | Depths:1 | Found a gateway to Hell.
 58448 | Depths:1 | Found a broken altar of Ashenzari.
 59245 | Depths:2 | Received a gift from Trog
 59271 | Depths:2 | Reached skill level 15 in Armour
 59277 | Depths:2 | Reached skill level 17 in Shields
 59417 | Depths:2 | Received a gift from Trog
 59575 | Depths:2 | Identified the +0 cloak of Too Many Cooks {rCorr Dex+5}
 59968 | Depths:2 | Found Deigymuf's Book Boutique.
 60063 | Depths:3 | Found a runed translucent gate.
 60063 | Depths:3 | Found a runed translucent gate.
 60063 | Depths:3 | Found a runed translucent gate.
 60065 | Depths:3 | Noticed Teittuo's ghost (adept FeFi)
 60069 | Depths:3 | Found a viscous altar of Jiyva.
 60161 | Depths:3 | Reached XP level 24. HP: 277/280 MP: 29/30
 60219 | Depths:3 | Found Goluruph's General Store.
 60323 | Depths:3 | Reached skill level 18 in Shields
 60418 | Depths:3 | Found a one-way gate to the infinite horrors of the Abyss.
 60514 | Depths:3 | Received a gift from Trog
 60533 | Depths:3 | Found a gateway to a ziggurat.
 60942 | Depths:3 | Found a one-way gate leading to the halls of Pandemonium.
 60949 | Depths:3 | Noticed Asterion
 60964 | Depths:3 | Killed Asterion
 61248 | Depths:3 | Killed Teittuo's ghost
 61292 | Depths:3 | Identified the ring of Jealousy {Wiz rPois Will+}
 61816 | Orc:2    | Bought a scroll of enchant armour for 75 gold pieces
 62714 | Depths:4 | Noticed the Enchantress
 62853 | Depths:4 | Received a gift from Trog
 62899 | Depths:4 | Killed the Enchantress
 63153 | Depths:4 | Found a transporter.
 63185 | Depths:4 | Noticed Eshoss's ghost (adept DrGl)
 63205 | Depths:4 | Noticed an ancient lich
 63227 | Depths:4 | Reached skill level 19 in Shields
 63233 | Depths:4 | Found a transporter.
 64047 | Vaults:3 | You paid a toll of +5 ice dragon scales to enter a treasure
                  | trove
 64048 | Trove    | Entered a treasure trove
 64059 | Trove    | Identified the +0 helmet "Gorolyoch" {rPois SInv Stlth-}
 64063 | Trove    | Identified the +0 robe of Panir {rC++}
 64064 | Trove    | Identified the +7 halberd of the Two Names {flame, Stlth+}
 64071 | Trove    | Identified the +9 dagger "Kiar" {drain, Int+2}
 64073 | Trove    | Identified the ring of Suspected Treachery {rCorr AC+4
                  | Dex+3}
 64111 | Vaults:3 | Lost mutation: You have an increased reservoir of magic.
                  | (+10% MP) [mutagenic glow]
 64643 | Depths:4 | Killed an ancient lich
 64661 | Depths:4 | Killed Eshoss's ghost
 64816 | Depths:4 | Identified the +11 morningstar of Excruciating Pain {venom,
                  | rC- rN+++ Int+2 Stlth+}
 64867 | Depths:5 | Entered Level 5 of the Depths
 64960 | Depths:5 | Reached XP level 25. HP: 292/293 MP: 26/27
 65400 | Depths:5 | Found a gate to the Realm of Zot.
 65475 | Depths:5 | Noticed a juggernaut
 65487 | Depths:5 | Killed a juggernaut
 65488 | Depths:5 | Reached skill level 20 in Shields
 65542 | Depths:5 | Identified The Foundations of Magic
 66000 | Vaults:5 | Entered Level 5 of the Vaults
 66165 | Vaults:5 | Noticed a dread lich
 66189 | Vaults:4 | Killed a dread lich
 66413 | Vaults:5 | Reached skill level 21 in Shields
 66624 | Vaults:5 | Identified the +8 demon trident of Darkness {flame, Contam
                  | rPois Dex+6} (Trog gifted it to you on level 5 of the
                  | Vaults)
 66624 | Vaults:5 | Received a gift from Trog
 66685 | Vaults:5 | Reached XP level 26. HP: 308/308 MP: 26/27
 66868 | Vaults:5 | Identified the +2 pair of boots of Liberalism {rF- Dex+7}
 66959 | Vaults:5 | Identified the Collected Works on the Rocks
 67112 | Vaults:5 | Found Rimelayso's Distillery.
 67126 | Vaults:5 | Found Waygai's Magic Scroll Shoppe.
 67132 | Vaults:5 | Bought a scroll of enchant weapon for 105 gold pieces
 67132 | Vaults:5 | Bought a scroll of enchant weapon for 105 gold pieces
 67194 | Vaults:5 | Found Cacettacw's Distillery.
 67392 | Vaults:5 | Received a gift from Trog
 67477 | Vaults:5 | Identified the +1 robe "Cicsoicw" {Str+4}
 67703 | Vaults:5 | Got a silver rune of Zot
 67888 | Vaults:5 | Reached skill level 22 in Shields
 68587 | Crypt:1  | Entered Level 1 of the Crypt
 69540 | Crypt:2  | Found a magical portal.
 69548 | Crypt:2  | Received a gift from Trog
 69551 | WizLab   | Entered Doroklohe's Tomb
 69847 | WizLab   | Noticed a royal mummy
 69861 | WizLab   | Killed a royal mummy
 70282 | WizLab   | Acquired 402 gold pieces
 71190 | Crypt:2  | Identified the +9 hunting sling "Rihaa" {flame, Str+2}
 71212 | Crypt:3  | Entered Level 3 of the Crypt
 71332 | Crypt:3  | Identified the +10 trident of Stickiness {vorpal, +Blink
                  | rPois} (Trog gifted it to you on level 3 of the Crypt)
 71332 | Crypt:3  | Received a gift from Trog
 71721 | Crypt:3  | Noticed a royal mummy
 71722 | Crypt:3  | Noticed Khufu
 71722 | Crypt:3  | Noticed a royal mummy
 72172 | Crypt:3  | Killed a royal mummy
 72176 | Crypt:3  | Killed a royal mummy
 72595 | Crypt:3  | Reached skill level 23 in Shields
 72601 | Crypt:3  | Reached XP level 27. HP: 320/321 MP: 27/27
 72899 | Crypt:3  | Identified the ring "Jit Ekul" {Fly rN+ Will+ Dex+2 SInv}
 72984 | Crypt:3  | Killed Khufu
 73113 | Crypt:3  | Identified the ring "Ytesumnoic" {rF+ rN+ Str+3}
 73399 | Crypt:3  | Found a basalt altar of Yredelemnul.
 73401 | Crypt:3  | Found an ancient bone altar of Kikubaaqudgha.
 73701 | Crypt:3  | Received a gift from Trog
 73710 | Crypt:3  | Found a staircase to the Tomb.
 74841 | Zot:1    | Entered Level 1 of the Realm of Zot
 75058 | Zot:1    | Noticed an orb of fire
 75070 | Zot:1    | Killed an orb of fire
 76397 | Zot:2    | Reached skill level 24 in Shields
 76419 | Zot:2    | Cast into level 4 of the Abyss (white draconian
                  | stormcaller)
 76420 | Abyss:4  | Found a corrupted altar of Lugonu.
 76470 | Abyss:4  | Received a gift from Trog
 76477 | Zot:2    | Escaped the Abyss
 78541 | Zot:4    | Received a gift from Trog
 79694 | Zot:4    | Identified the +1 scale mail of Ytaeskoo {rElec rPois
                  | Stlth+}
 79865 | Zot:5    | Entered Level 5 of the Realm of Zot
 80024 | Zot:5    | Found a huge runed gate.
 80024 | Zot:5    | Found a huge runed gate.
 80024 | Zot:5    | Found a huge runed gate.
 80025 | Zot:5    | Found a huge runed gate.
 80026 | Zot:5    | Found a huge runed gate.
 80027 | Zot:5    | Found a huge runed gate.
 80041 | Zot:5    | Found a huge runed gate.
 80041 | Zot:5    | Found a huge runed gate.
 80041 | Zot:5    | Found a huge runed gate.
 80041 | Zot:5    | Found a huge runed gate.
 80047 | Zot:5    | Found a huge runed gate.
 80073 | Zot:5    | Reached skill level 25 in Shields
 80173 | Zot:5    | Found a huge runed gate.
 80174 | Zot:5    | Found a huge runed gate.
 80180 | Zot:5    | Noticed an ancient lich
 80180 | Zot:5    | Noticed an ancient lich
 80180 | Zot:5    | Noticed an orb of fire
 80180 | Zot:5    | Noticed a dread lich
 80182 | Zot:5    | Noticed an ancient lich
 80196 | Zot:5    | Killed an ancient lich
 80198 | Zot:5    | Killed an orb of fire
 80200 | Zot:5    | Killed an ancient lich
 80203 | Zot:5    | Killed a dread lich
 80225 | Zot:4    | Killed from afar by an ancient lich

Illustrated notes

Levels and vault maps discovered:
D:1:      scummos_arrival_forest, layout_loops_ring,
          chequers_serial_rivers_marsh, minmay_pentomino_w2
D:2:      layout_basic, chequers_ecumenical_altar_simple_redux, corner_web_ring,
          uniq_crazy_yiuf_cottage
D:3:      layout_basic, nicolae_gozag_seed_capital,
          lemuel_coloured_pillars_altar, grunt_ministairs_4, uniq_natasha,
          uniq_grinder, uniq_jessica
D:4:      layout_loops_ring, lemuel_tele_altar, skrybe_limestone_x,
          uniq_blork_the_orc
D:5:      layout_cave_pods, old_standard_altar, bloody_makhleb
D:6:      layout_rooms, trog_three_pillars_becter, uniq_sigmund
D:7:      layout_basic, nicolae_overflow_hidden_temple,
          minmay_temple_entry_junction, minmay_misc_feat_encased
D:8:      layout_basic, special_room [special_room_orc], kennysheep_kite_vault,
          uniq_psyche
D:9:      layout_roguey
D:10:     layout_loops_cross, david_lair_shrubbed
D:11:     layout_basic
D:12:     layout_stronghold, hiddenorc2_lemuel
D:13:     layout_small_grid, grunt_vaults_entry_tiered, minivault_12
D:14:     minmay_the_grid_octo_tiled_squarecenter [minmay_the_grid_octo_empty,
          minmay_the_grid_octo_thin_diamonds,
          minmay_the_grid_octo_vomiting_pacman, minmay_the_grid_octo_clover_2,
          minmay_the_grid_square_5x5_megaprize_open,
          minmay_the_grid_square_5x5_minimal, minmay_the_grid_square_5x5_seven,
          minmay_the_grid_square_5x5_tetrominoes,
          minmay_the_grid_square_5x5_misaligned], layout_stronghold,
          pdpol_wu_jian_five_deadly_venoms, lemuel_flamethrower_1
D:15:     grunt_enter_depths_hoard, layout_rooms, minmay_misc_feat_diagonals
Lair:1:   layout_gridlike, grunt_forest_stairs_basic, beast_lair_carwin_9
Lair:2:   beast_lair_carwin_large_1, layout_big_grid,
          chequers_serial_rivers_small_a, grunt_forest_large_clearings,
          infiniplex_staircase_pool_2, uniq_fannar
Lair:3:   layout_roguey, elwin_shoals_entry_stream, guppyfry_snake_entry_island
Lair:4:   layout_roguey [special_room_mythical_zoo], st_stairs_13, minivault_19,
          lemuel_old_faithful
Lair:5:   layout_misc_corridors, dpeg_slime_entry_corner, nzn_sisyphean_effort
Lair:6:   due_jungle_book, layout_regular_city, portal_ice_cave_entry_pillars_1,
          grunt_megastairs_1, uniq_sonja
Shoals:1: layout_shoals, gammafunk_ghost_tricky_traps, dpeg_stationary_puzzle,
          uniq_kirke
Shoals:2: layout_shoals, nzn_prometheus_bound
Shoals:3: layout_shoals, serial_shops, nicolae_shop_behind_doors,
          uniq_polyphemus, uniq_roxanne
Shoals:4: shoals_end_grunt_ice, layout_shoals,
          nicolae_shoals_siren_and_animal_friends, uniq_mara
Snake:1:  layout_onion_interference, minmay_shop_star, uniq_donald, uniq_aizul
Snake:2:  layout_misc_corridors, grunt_megastairs_3
Snake:3:  layout_cave_town, basic_altar, uniq_vashnia
Snake:4:  snake_pit, layout_layer_cave, lemuel_fruit_tree
Orc:1:    layout_caves
Orc:2:    grunt_orc_gardens, layout_caves, grunt_orc_garden, grunt_orc_garden,
          grunt_orc_garden, grunt_orc_garden, kennysheep_orc_sif_temple,
          uniq_josephine
Elf:1:    eino_elf_arrival_customs, layout_geoelf_grid, serial_shops,
          nicolae_shop_competitors_out_of_business, minmay_elf_sorcery,
          uniq_agnes, uniq_louise
Elf:2:    layout_onion_city, portal_desolation_entry_nicolae_slug,
          uniq_saint_roka
Elf:3:    minmay_elf_hall_quartered_circle, layout_geoelf_grid,
          eino_tiny_chamber
Vaults:1: nicolae_vaults_network_square, v_pattern_5, st_eye, v_misc_30,
          vaults_room_grunt_arrival_ludios, ontoclasm_vaults_misaligned,
          v_misc_12, v_rooms_6, nicolae_vaults_specimen_jars, vaults_dpeg_hooks,
          ontoclasm_vaults_loading_screen, vaults_room_grid,
          ontoclasm_vaults_ring_small, layout_vaults_omnibox
Vaults:2: vaults_room_hallway, nicolae_vaults_ring_of_whatevers,
          minmay_crypt_entry_skeletal_spiral, v_misc_27,
          nicolae_vaults_diagonal_hallway_9, v_misc_29, v_pattern_4,
          nicolae_vaults_alarming, layout_vaults_omnigrid
Vaults:3: hangedman_vaults_river_flow, v_misc_14, hangedman_vaults_stream,
          v_rooms_2, ontoclasm_vaults_spin, ontoclasm_vaults_fault,
          vaults_room_guarded_vault, serial_ice_h, nicolae_vaults_little_ls,
          grunt_vaults_focal, layout_vaults_ring,
          nicolae_trove_entry_free_sample, serial_shops,
          nicolae_shop_waterfront, uniq_margery, uniq_sojobo
Vaults:4: vaults_standard_mumra_enter_the_diamond, v_rooms_5,
          ontoclasm_vaults_misaligned, st_cross, hangedman_vaults_cutoff,
          v_misc_23, vaults_dpeg_spiral, ontoclasm_vaults_misaligned,
          grunt_vaults_twisty, v_misc_22, layout_vaults_chaotic_city
Vaults:5: serial_shops
Crypt:1:  layout_chaotic_city
Crypt:2:  layout_rooms, mu_enter_wizlab_2, nicolae_crypt_little_mausoleum
Crypt:3:  lightli_unholy_cathedral, layout_chaotic_city,
          tomb_entry_sphere_bobbens, grunt_megastairs_5, uniq_khufu
Depths:1: layout_cave_shapes, special_room [special_room_mythical_zoo],
          grunt_hell_entry_dis_old, minmay_misc_feat_nine_boxes,
          nicolae_ashenzari_panopticon
Depths:2: minmay_central_circle, layout_cave_shapes, serial_shops,
          nicolae_shop_behind_doors, grunt_mini_vestibule,
          serial_sigils_hangedman_scratch, eino_tiny_chamber,
          infiniplex_staircase_door_maze, serial_bayou_shore_b
Depths:3: kennysheep_blocky_room, layout_basic, enter_ziggurat_c, hellmouth_1,
          pan_entry, gammafunk_ghost_ooze, serial_shops, shop, abyss_entry,
          uniq_asterion
Depths:4: kennysheep_six_static_rooms, layout_cave_pools,
          pf_hell_entry_tar_river, abyss_entry_small_statue_room,
          gammafunk_ghost_abyssal_escape, uniq_enchantress
Depths:5: evilmike_zot_entry_hall, layout_gridville, hell_entry
Zot:1:    layout_basic
Zot:2:    layout_cellular_growth
Zot:3:    layout_gridville
Zot:4:    kennysheep_bubbly, layout_twisted_circle
Zot:5:    layout_gridlike, grunt_ministairs_9, hangedman_zot_diagonal_lockstep,
          door_vault

Skill      XL: |  1  2  3  4  5  6  7  8  9 10 11 12 13 14 15 16 17 18 19 20 21 22 23 24 25 26 27 |
---------------+----------------------------------------------------------------------------------+-----
Translocations | 1 |  1.1
Fighting       | 1 2 3 4 5 6 8 10 11 13 14 15 16 17 18 19 20 21 22 23 24 | 24.5
Axes           | 1 3 4 6 7 9 11 12 13 14 15 16 17 18 | 18.8
Throwing       | 1 2 3 4 5 6 7 |  7.0
Armour         | 1 2 3 4 5 6 7 8 10 12 13 14 15 16 19 | 19.2
Polearms       | 3 6 8 10 11 12 | 12.9
Shields        | 4 7 8 10 12 14 15 16 17 19 21 23 25 | 25.1
Evocations     | 4 7 11 12 14 | 14.0
Dodging        | 6 9 11 12 13 14 | 14.0
Maces & Flails | 2 4 |  4.7
Stealth        | |  1.7
Spellcasting   | |  3.1
Conjurations   | |  1.6
Summonings     | |  1.4

Action                   |  1- 3 |  4- 6 |  7- 9 | 10-12 | 13-15 | 16-18 | 19-21 | 22-24 | 25-27 || total
-------------------------+-------+-------+-------+-------+-------+-------+-------+-------+-------++-------
Melee: Dagger            |    80 |       |       |       |       |       |       |       |       ||    80
       Whip              |    43 |       |       |       |       |       |       |       |       ||    43
       Hand axe          |    41 |    88 |    75 |       |       |       |       |       |       ||   204
       Trident           |       |    32 |   219 |       |       |       |       |    14 |   395 ||   660
       Broad axe         |       |       |    75 |   399 |  1056 |  1092 |  1152 |  1235 |  1148 ||  6157
       Kick              |       |       |    29 |   100 |   383 |   437 |   626 |   631 |  1193 ||  3399
       Battleaxe         |       |       |    16 |       |       |       |       |       |       ||    16
       War axe           |       |       |     7 |       |       |       |       |       |       ||     7
       Demon whip        |       |       |       |       |       |       |     3 |    48 |       ||    51
       Morningstar       |       |       |       |       |       |       |       |       |   469 ||   469
Throw: Dart              |     4 |       |       |       |       |       |       |       |       ||     4
       Javelin           |       |       |       |     4 |       |       |       |       |       ||     4
 Cast: Magic Dart        |    13 |       |       |       |       |       |       |       |       ||    13
Invok: Berserk           |     3 |     9 |    14 |    25 |    23 |    26 |    18 |    18 |    27 ||   163
       Trog's Hand       |       |     3 |     2 |     3 |     7 |    14 |     6 |    13 |    19 ||    67
       Brothers in Arms  |       |       |       |       |     1 |     7 |     3 |    13 |    18 ||    42
 Abil: Evoke Blink       |       |       |       |       |       |     2 |       |       |     4 ||     6
Evoke: Wand              |       |       |       |       |     1 |       |       |     1 |       ||     2
       Box of beasts     |       |       |       |       |       |     1 |       |       |       ||     1
  Use: Scroll            |     3 |       |    15 |     8 |    11 |    15 |     2 |     9 |    19 ||    82
       Potion            |       |     2 |       |     1 |     2 |     4 |       |       |     2 ||    11
 Stab: Sleeping          |     4 |     2 |     1 |       |       |     1 |     5 |     3 |     2 ||    18
       Distracted        |     1 |       |       |       |       |     1 |     4 |     1 |     6 ||    13
       Petrifying        |       |       |       |       |       |     1 |       |       |       ||     1
       Petrified         |       |       |       |       |       |     1 |       |       |       ||     1
Armor: Robe              |    34 |    25 |    17 |       |       |       |       |       |       ||    76
       Leather armour    |       |       |     7 |       |       |       |       |       |       ||     7
       Ring mail         |       |       |    92 |       |       |       |       |       |       ||    92
       Scale mail        |       |       |    95 |   193 |   426 |   399 |   229 |   298 |   522 ||  2162
Dodge: Dodged            |   110 |    66 |   249 |   225 |   507 |   358 |   322 |   489 |   860 ||  3186
Block: Buckler           |       |       |       |       |   319 |   104 |       |       |       ||   423
       Kite shield       |       |       |       |       |       |   772 |   896 |  1018 |  1322 ||  4008
       Reflection        |       |       |       |       |       |   102 |    79 |    34 |    46 ||   261
       Tower shield      |       |       |       |       |       |       |       |       |   917 ||   917

Table legend: (Time is in decaauts)
 A = Elapsed time spent in this place.
 B = Non-inter-level travel time spent in this place.
 C = Inter-level travel time spent in this place.
 D = Time resting spent in this place.
 E = Time spent auto-exploring this place.
 F = Levels seen in this place.
 G = Mean time per level.
                   A        B        C        D        E       F      G
               +--------+--------+--------+--------+--------+-----+--------+
         Total |  80446 |  71651 |   8795 |  17411 |  30766 |  58 | 1387.0 |
       Dungeon |  21577 |  18552 |   3025 |   4537 |  10065 |  15 | 1438.5 |
          Lair |  10909 |  10218 |    691 |   3880 |   4589 |   6 | 1818.2 |
        Shoals |   5415 |   4989 |    426 |   1024 |   2031 |   4 | 1353.8 |
     Snake Pit |   6399 |   5931 |    468 |   1782 |   2307 |   4 | 1599.8 |
  Orcish Mines |   2456 |   2073 |    383 |    392 |    916 |   2 | 1228.0 |
   Elven Halls |   3763 |   3456 |    307 |    376 |   1713 |   3 | 1254.3 |
        Vaults |  10254 |   8052 |   2202 |   1153 |   3250 |   5 | 2050.8 |
         Crypt |   4422 |   4194 |    228 |   1306 |    761 |   3 | 1474.0 |
        Depths |   6789 |   5868 |    921 |    894 |   2552 |   5 | 1357.8 |
           Zot |   5058 |   4916 |    142 |   1337 |   1717 |   5 | 1011.6 |
         Abyss |    311 |    311 |      0 |     34 |      0 |   2 |  155.5 |
         Trove |     50 |     50 |      0 |      0 |      0 |   1 |   50.0 |
      Ice Cave |    916 |    916 |      0 |    137 |    519 |   1 |  916.0 |
        Wizlab |   1028 |   1028 |      0 |    399 |     10 |   1 | 1028.0 |
    Desolation |   1092 |   1092 |      0 |    154 |    333 |   1 | 1092.0 |
               +--------+--------+--------+--------+--------+-----+--------+

Top non-repeatable levels by time:
  Lair:1: 2884 daAuts
 Snake:4: 2720 daAuts
Vaults:2: 2456 daAuts
 Crypt:3: 2357 daAuts
Vaults:3: 2263 daAuts
     D:8: 2188 daAuts
  Lair:6: 2179 daAuts
     D:2: 2164 daAuts
   Zot:4: 2146 daAuts
  Lair:3: 2133 daAuts
Vaults:1: 2124 daAuts
    D:13: 2119 daAuts
Vaults:4: 1959 daAuts
Shoals:4: 1932 daAuts
    D:14: 1705 daAuts
